 Dungeon Crawl Stone Soup version 0.26.1-11-gd32895ea62 (webtiles) character file.

Game seed: 11381650455686468942

258 raph the Firebug (level 5, -13/28 HPs)
             Began as a Deep Elf Fire Elementalist on May 1, 2021.
             Was an Initiate of Ashenzari.
             Killed by divine providence
             ... invoked by an orc priest
              (17 damage)
             ... on level 4 of the Dungeon.
             The game lasted 00:07:43 (4541 turns).

raph the Firebug (Deep Elf Fire Elementalist)       Turns: 4541, Time: 00:07:43

Health: -13/28     AC:  5    Str: 11    XL:     5   Next: 94%
Magic:  1/12       EV: 13    Int: 21    God:    Ashenzari [......]
Gold:   176        SH:  5    Dex: 15    Spells: 3/11 levels left

rFire    . . .     SeeInvis .   i - +5 short sword (venom) (curse)
rCold    . . .     Faith    .   (no shield)
rNeg     . . .     Spirit   .   a - +1 robe
rPois    .         Reflect  +   (no helmet)
rElec    .         Harm     .   (no cloak)
rCorr    .         Rampage  .   r - +1 pair of gloves
Will     .....                  (no boots)
Stlth    ++........             j - amulet of reflection (curse)
HPRegen  0.09/turn              f - +6 ring of strength
MPRegen  0.13/turn              (no ring)

@: no status effects
A: no striking features
a: Renounce Religion, Curse Item


You were on level 4 of the Dungeon.
You worshipped Ashenzari.
Ashenzari was noncommittal.
You visited 1 branch of the dungeon, and saw 4 of its levels.

You collected 176 gold pieces.

Inventory:

Hand Weapons
 g - a +0 short sword
 i - a cursed +5 short sword of venom (weapon)
Armour
 a - a +1 robe (worn)
 r - a +1 pair of gloves (worn)
Jewellery
 f - a +6 ring of strength (left hand)
 j - a cursed amulet of reflection (around neck)
 o - an uncursed amulet of regeneration
Wands
 l - a wand of polymorph (5)
Scrolls
 b - a scroll of identify
 m - 2 scrolls of teleportation
 n - a scroll of immolation
Potions
 c - 2 potions of flight
 d - 4 potions of curing
 e - a potion of cancellation
 h - 3 potions of heal wounds {unknown}
 q - a potion of invisibility {unknown}


   Skills:
 - Level 2.4 Dodging
 - Level 2.4 Stealth
 + Level 3.9 Spellcasting
 + Level 4.4 Conjurations
 + Level 5.4 Fire Magic


You had 3 spell levels left.
You knew the following spells:

 Your Spells              Type           Power        Failure   Level
a - Foxfire               Conj/Fire      96%          1%          1
b - Conjure Flame         Conj/Fire      24%          4%          3
c - Sticky Flame          Conj/Fire      24%          16%         4

Your spell library contained the following spells:

 Spells                   Type           Power        Failure   Level
 Inner Flame              Hex/Fire       15%          12%         3
 Fireball                 Conj/Fire      12%          41%         5


Dungeon Overview and Level Annotations

Branches:
Dungeon (4/15)
 Temple: D:4-7

Altars:
Ashenzari
Fedhas


Message History

Casting: Foxfire (safe; 1% risk of failure)
Confirm with . or Enter, or press ? or * to list all spells.
You conjure some foxfire!
You kill the orc!
Okay, then.
The foxfire hits the orc priest.
The orc priest is moderately wounded.
The foxfire hits the orc priest.
The orc priest is heavily wounded.
The orc priest mumbles some strange prayers to Beogh against you.
Beogh smites you!
Ouch! That really hurt!
* * * LOW HITPOINT WARNING * * *
Okay, then.
As you read the scroll of fog, it crumbles to dust.
The scroll dissolves into smoke.
The orc priest calls down the wrath of Beogh upon you.
Beogh smites you!
Ouch! That really hurt!
You die...

###### #.#..####
#.......##
#.§.§...#
##.§§§§§.####.
##.§§§§§§o).).#
##...§o§§§§..#
#.@...§§§§§..#
#...#...§§§§§.##
#..####..§§§..##
#.. ##§.§§.## ##
###§.## ##.# #.#
#.# #.#


You could see an orc priest.

Vanquished Creatures
  2 hounds (D:4)
  An orc priest (D:4)
  2 orc wizards
  A worker ant (D:4)
  An adder (D:4)
  2 leopard geckos
  11 orcs
  6 giant cockroaches
  4 goblins
  10 hobgoblins
  4 jackals (D:4)
  4 kobolds (D:1)
  3 ball pythons
  11 bats
  4 frilled lizards
  8 rats
74 creatures vanquished.

Vanquished Creatures (others)
  252 foxfires
252 creatures vanquished.

Grand Total: 326 creatures vanquished

Notes
Turn   | Place    | Note
-------+----------+-------------------------------------------
     0 | D:1      | raph the Deep Elf Fire Elementalist began the quest for the
                  | Orb.
     0 | D:1      | Reached XP level 1. HP: 10/10 MP: 6/6
   365 | D:1      | Reached XP level 2. HP: 15/15 MP: 4/8
   881 | D:1      | Reached skill level 4 in Fire Magic
  1241 | D:2      | Reached XP level 3. HP: 19/19 MP: 5/9
  1579 | D:2      | Learned a level 3 spell: Conjure Flame
  1936 | D:2      | Found a broken altar of Ashenzari.
  1955 | D:2      | Became a worshipper of Ashenzari the Shackled
  2204 | D:2      | Found a blossoming altar of Fedhas.
  2555 | D:3      | Reached XP level 4. HP: 24/24 MP: 0/10
  3104 | D:3      | Learned a level 4 spell: Sticky Flame
  3736 | D:4      | Reached skill level 5 in Fire Magic
  3779 | D:4      | Reached XP level 5. HP: 28/28 MP: 3/11
  4541 | D:4      | Killed from afar by an orc priest

Illustrated notes

Levels and vault maps discovered:
D:1:      dpeg_arrival_arbitrary_b, layout_basic
D:2:      layout_rooms, old_standard_altar, minmay_misc_feat_nine_boxes,
          fedhas_altar_fruit_tree
D:3:      layout_loops_ring
D:4:      layout_cave_pods, nzn_wu_jian_council_hall,
          ebering_dispersal_statue_hall, uniq_eustachio

Skill      XL: |  1  2  3  4  5 |
---------------+----------------+-----
Conjurations   | 2 3 4 |  4.4
Fire Magic     | 4 5 |  5.4
Dodging        | |  2.4
Stealth        | |  2.4
Spellcasting   | |  3.9

Action                   |  1- 3 |  4- 6 || total
-------------------------+-------+-------++-------
Melee: Unarmed           |     1 |       ||     1
       Short sword       |     6 |     9 ||    15
 Cast: Foxfire           |   108 |    52 ||   160
Invok: Curse Item        |     1 |     1 ||     2
  Use: Scroll            |     8 |     6 ||    14
 Stab: Sleeping          |       |     1 ||     1
Armor: Robe              |     4 |     3 ||     7
Dodge: Dodged            |    17 |     5 ||    22
Block: Other             |     1 |       ||     1
